 Dungeon Crawl Stone Soup version 0.20-a0-848-g73d9be0 (webtiles) character file.

2172 krabocopter the Sneak (level 9, 0/58 HPs)
             Began as a Demonspawn Gladiator on Mar 9, 2017.
             Was a Priest of Dithmenos.
             Slain by an orc warrior
             ... wielding a +0 mace
              (15 damage)
             ... on level 6 of the Dungeon.
             The game lasted 00:22:13 (6211 turns).

krabocopter the Sneak (Demonspawn Gladiator)        Turns: 6211, Time: 00:22:13

Health: 0/58       AC:  8    Str: 15    XL:     9   Next: 11%
Magic:  9/9        EV: 13    Int: 11    God:    Dithmenos [***...]
Gold:   186        SH:  5    Dex: 16    Spells: 8/8 levels left

rFire    . . .     SeeInvis .   B - +2 dagger (venom)
rCold    + + +     Gourm    .   v - +1 ring mail {MR+}
rNeg     . . .     Faith    .   D - +0 buckler
rPois    +         Spirit   .   (helmet restricted)
rElec    .         Reflect  .   (no cloak)
rCorr    .         Harm     .   (no gloves)
MR       +....                  (no boots)
Stlth    ++++......             (no amulet)
Regen    0.2/turn               j - +2 ring of protection
MPRegen  0.2/turn               y - ring of protection from cold

@: wreathed by umbra
A: antennae 1, claws 2, cold resistance 2, frail 1, poison resistance, sturdy
frame 3
a: Shadow Step, Renounce Religion


You were on level 6 of the Dungeon.
You worshipped Dithmenos.
Dithmenos was most pleased with you.
You were not hungry.

You visited 1 branch of the dungeon, and saw 6 of its levels.

You collected 186 gold pieces.

Inventory:

Hand Weapons
 a - a +0 war axe
 u - a +1 dagger of freezing
 B - a +2 dagger of venom (weapon)
Missiles
 d - 3 throwing nets (quivered)
Armour
 t - a +0 chain mail of fire resistance
 v - a +1 ring mail of magic resistance (worn)
 D - a +0 buckler (worn)
Magical Staves
 r - an uncursed staff of conjuration
Jewellery
 e - an uncursed ring of magical power
 j - a +2 ring of protection (right claw)
 y - a ring of protection from cold (left claw)
Wands
 H - a wand of confusion (29/48)
Scrolls
 b - a scroll of blinking {unknown}
 g - 2 scrolls of fog {unknown}
 i - 2 scrolls of amnesia
 l - 3 scrolls of remove curse
 m - a scroll of enchant weapon
 n - a scroll of teleportation
 o - a scroll of recharging {unknown}
 p - 3 scrolls of noise
 x - 3 scrolls of identify
 E - a scroll of enchant armour {unknown}
 G - 2 scrolls of fear {unknown}
Potions
 h - 2 potions of magic
 q - a potion of curing
 w - 2 potions of berserk rage {unknown}
 z - a potion of cancellation
 A - a potion of brilliance {unknown}
 C - a potion of lignification
 F - a potion of agility {unknown}
Comestibles
 c - 6 fruits
 f - 4 bread rations
 k - 2 meat rations
 s - 3 royal jellies
 I - a chunk of flesh


   Skills:
 - Level 4.0 Fighting
 - Level 4.4 Short Blades
 - Level 5.2 Axes
 - Level 1.7 Throwing
 + Level 3.9 Dodging
 * Level 7.7 Stealth
 + Level 2.6 Shields


You had 8 spell levels left.
You didn't know any spells.

Dungeon Overview and Level Annotations

Branches:
Dungeon (6/15)
 Temple: D:4-7

Altars:
Dithmenos
Ru


Innate Abilities, Weirdness & Mutations

You have very sharp fingernails.
Your movements are significantly less encumbered by armour. (ER -6)
You have a pair of small antennae on your head.
Your flesh is very cold resistant. (rC++)
You are frail. (-10% HP)
Your system is resistant to poisons. (rPois)


Message History

You hit the orc warrior but do no damage.
The orc warrior looks even sicker.
The orc warrior hits you with a mace!
You take 11 damage, and have 27/58 hp.
You hit the orc warrior but do no damage.
You block the orc warrior's attack.
You closely miss the orc warrior. You hit the orc warrior.
The orc warrior looks as sick as possible!
The orc warrior hits you with a mace!
The crimson imp laughs crazily.
You take 8 damage, and have 19/58 hp.
You hit the orc warrior but do no damage.
The orc warrior hits you with a mace.
* * * LOW HITPOINT WARNING * * *
You take 5 damage, and have 14/58 hp.
You hit the orc warrior.
The orc warrior looks as sick as possible!
The orc warrior barely misses you.
You barely miss the orc warrior. The orc warrior hits you with a mace!
You die...

.....######### .#.#
.............# #.#.## .
###.##....##)# ###...(..#
#....##)#######...5. ... #
#....##(.([)....#.##..#
#.#....######..(#.......#
#.#....# ##.#..)..## #
......## ##..##....##.####
###o....###.@###.##.......###
#([.[.#.##...o5o.##.##..#....
#..<(.#.#..#.######.# #..##..
#..[[o#......# #.# #..#.#
#......#...... #.#####...#
#####.....###. #........##
##......o. ##...##....
......##.. #.#.######
..###..# ...#.# #


You could see an orc warrior, a crimson imp and an orc.

Vanquished Creatures
  Prince Ribbit (D:5)
  Grinder (D:3)
  Edmund (D:4)
  Duvessa (D:4)
  An ice beast (D:6)
  3 orc warriors
  A sky beast (D:6)
  A black bear (D:5)
  A phantom (D:5)
  An ogre (D:4)
  A centaur (D:6)
  A bullfrog (D:4)
  Dowan (D:4)
  A scorpion (D:4)
  An orc priest (D:6)
  A bullfrog zombie (D:5)
  A hound (D:4)
  5 orc wizards
  A centaur skeleton (D:4)
  An iguana (D:4)
  4 worker ants
  A worker ant zombie (D:5)
  A howler monkey skeleton (D:4)
  6 adders
  A shadow imp (D:5)
  An ooze (D:5)
  An adder skeleton (D:5)
  An adder zombie (D:5)
  A worm (D:2)
  2 dart slugs
  7 leopard geckos
  17 orcs
  14 bats
  5 giant cockroaches
  5 hobgoblins
  10 jackals
  3 quokkas
  A ball python (D:3)
  5 frilled lizards
  13 goblins
  8 kobolds
  4 rats
137 creatures vanquished.

Notes
Turn   | Place    | Note
-------+----------+-------------------------------------------
     0 | D:1      | krabocopter the Demonspawn Gladiator began the quest for the Orb.
     0 | D:1      | Reached XP level 1. HP: 16/16 MP: 1/1
   100 | D:1      | Gained mutation: You have sharp fingernails. [demonic ancestry]
   100 | D:1      | Reached XP level 2. HP: 23/23 MP: 2/2
   302 | D:1      | Gained mutation: You are agile. (Dex +2) [potion of mutation]
   302 | D:1      | Gained mutation: You have a pair of small antennae on your head. [potion of mutation]
   566 | D:2      | Gained mutation: Your movements are slightly less encumbered by armour. (ER -2) [demonic ancestry]
   566 | D:2      | Reached XP level 3. HP: 25/28 MP: 3/3
   986 | D:2      | Found a faded altar of an unknown god.
  1017 | D:2      | Became a worshipper of Dithmenos the Shadowed
  1017 | D:2      | Reached * piety under Dithmenos
  1503 | D:3      | Gained mutation: Your movements are less encumbered by armour. (ER -4) [demonic ancestry]
  1503 | D:3      | Reached XP level 4. HP: 22/34 MP: 4/4
  2077 | D:3      | Reached ** piety under Dithmenos
  2077 | D:3      | Reached XP level 5. HP: 41/41 MP: 5/5
  2177 | D:3      | Noticed Grinder
  2195 | D:3      | HP: 1/41 [Grinder (5)]
  2196 | D:3      | Killed Grinder
  2196 | D:3      | Reached skill level 5 in Axes
  2196 | D:3      | Reached skill level 1 in Stealth
  2196 | D:3      | Gained mutation: Your movements are significantly less encumbered by armour. (ER -6) [demonic ancestry]
  2196 | D:3      | Reached XP level 6. HP: 1/48 MP: 6/6
  2620 | D:3      | Reached skill level 2 in Stealth
  2647 | D:3      | You fall through a shaft!
  2647 | D:4      | Noticed Edmund
  2682 | D:4      | Noticed Duvessa
  2682 | D:4      | Noticed Dowan
  2997 | D:4      | Killed Edmund
  2997 | D:4      | Reached skill level 1 in Short Blades
  3004 | D:4      | Reached skill level 3 in Stealth
  3076 | D:4      | Reached XP level 7. HP: 24/54 MP: 7/7
  3594 | D:4      | Killed Duvessa
  3594 | D:4      | Reached skill level 4 in Stealth
  3618 | D:4      | Killed Dowan
  4133 | D:5      | Entered Level 5 of the Dungeon
  4199 | D:5      | Found a sacrificial altar of Ru.
  4309 | D:5      | Reached skill level 5 in Stealth
  4309 | D:5      | Gained mutation: You have very sharp fingernails. [demonic ancestry]
  4309 | D:5      | Reached XP level 8. HP: 44/60 MP: 8/8
  4362 | D:5      | Noticed Prince Ribbit
  4452 | D:5      | Killed Prince Ribbit
  4452 | D:5      | Reached *** piety under Dithmenos
  4452 | D:5      | Reached skill level 6 in Stealth
  4479 | D:5      | Lost mutation: You are agile. (Dex +2) [potion of mutation]
  4479 | D:5      | Gained mutation: Your system is resistant to poisons. (rPois) [potion of mutation]
  4479 | D:5      | Gained mutation: Your flesh is cold resistant. (rC+) [potion of mutation]
  4479 | D:5      | Gained mutation: You are frail. (-10% HP) [potion of mutation]
  4479 | D:5      | Gained mutation: Your flesh is very cold resistant. (rC++) [potion of mutation]
  4726 | D:5      | Reached skill level 1 in Shields
  5133 | D:6      | Reached skill level 7 in Stealth
  5740 | D:6      | Reached XP level 9. HP: 14/58 MP: 9/9
  6211 | D:6      | Slain by an orc warrior

Vault maps used:
D:1:      tarquinn_simple_flora_water_f
D:2:      chequers_ecumenical_altar_twisty
D:3:      uniq_crazy_yiuf_cottage, uniq_grinder
D:4:      first_bread, uniq_edmund, uniq_duvessa
D:5:      nicolae_overflow_crystal_walls, uniq_prince_ribbit1
D:6:      kennysheep_mini_moat

Skill      XL: |  1  2  3  4  5  6  7  8 |
---------------+-------------------------+-----
Axes           | 3 4 5 |  5.2
Fighting       | 3 4 |  4.0
Stealth        | 1 3 5 7 |  7.7
Short Blades   | 1 3 4 |  4.4
Dodging        | 3 |  3.9
Shields        | 2 |  2.6
Throwing       | |  1.7

Action                   |  1- 3 |  4- 6 |  7- 9 || total
-------------------------+-------+-------+-------++-------
Melee: War axe           |   144 |    88 |    42 ||   274
       Dagger            |       |    47 |   291 ||   338
  Use: Potion            |     3 |     2 |     3 ||     8
       Scroll            |     2 |     3 |     3 ||     8
 Stab: Sleeping          |       |     1 |     4 ||     5
  Eat: Chunk             |     2 |     5 |    11 ||    18
Armor: Leather armour    |    48 |     7 |       ||    55
       Skin              |     7 |       |     9 ||    16
       Ring mail         |       |    41 |    90 ||   131
Dodge: Dodged            |   146 |   106 |   208 ||   460
Block: Buckler           |       |       |    47 ||    47
